[Event "ICCopen2017"]
[Site "Internet Chess Club"]
[Date "2017.04.02"]
[Round "1"]
[White "drunkman31"]
[Black "newtonpp"]
[Result "1-0"]
[ICCResult "Black forfeits on time"]
[WhiteElo "2146"]
[BlackElo "1510"]
[Opening "Semi-Benoni (`blockade variation')"]
[ECO "A44"]
[NIC "OI.09"]
[Time "19:04:37"]
[TimeControl "180+0"]

1. d4 c5 2. d5 e5 3. e4 d6 4. Nc3 g6 5. Nf3 Bg7 6. Bb5+ Nd7 7. a4 a6 8. Be2
Ne7 9. Nd2 O-O 10. Nc4 Qc7 11. a5 f5 12. Na4 fxe4 13. O-O Nf6 14. Nab6 Rb8
15. c3 Bd7 16. Bg5 Bb5 17. Ne3 Nf5 18. Qd2 Rf7 19. Bxf6 Rxf6 20. Ng4 Rf7 21.
Rac1 Rbf8 22. b4 h5 23. Ne3 Bh6 24. Bxb5 axb5 25. Qe2 Nxe3 26. fxe3 Rxf1+
27. Rxf1 Rxf1+ 28. Kxf1 cxb4 29. cxb4 Qc1+ 30. Kf2 Qc3 31. g3 Qxb4 32. Nd7
Qc4 33. Nf6+ Kg7 34. Qxc4 bxc4 35. Nxe4 Kf7 36. Nxd6+ Ke7 37. Nxc4
{Black forfeits on time}
1-0

[Event "ICCopen2017"]
[Site "Internet Chess Club"]
[Date "2017.04.02"]
[Round "1"]
[White "Djukanyc"]
[Black "MaestroASK"]
[Result "0-1"]
[ICCResult "White resigns"]
[WhiteElo "1704"]
[BlackElo "2512"]
[Opening "King's pawn opening"]
[ECO "B07"]
[NIC "VO.17"]
[Time "19:06:08"]
[TimeControl "180+0"]

1. e4 d6 2. d4 g6 3. Nc3 c6 4. Bg5 f6 5. Be3 e5 6. Nf3 Bh6 7. Bxh6 Nxh6 8.
Qd2 Nf7 9. O-O-O Qe7 10. h4 h5 11. Be2 Nd7 12. Rhe1 Kf8 13. Bc4 Kg7 14. Bb3
Nb6 15. a3 Bg4 16. Re3 Rad8 17. d5 c5 18. Qd3 a6 19. Rd2 Rc8 20. Qf1 Nh6 21.
Nh2 Bd7 {White resigns} 0-1

[Event "ICCopen2017"]
[Site "Internet Chess Club"]
[Date "2017.04.02"]
[Round "1"]
[White "Assured"]
[Black "carbonero1969"]
[Result "1-0"]
[ICCResult "Black resigns"]
[WhiteElo "2847"]
[BlackElo "1782"]
[Opening "Old Benoni defense"]
[ECO "A43"]
[NIC "OI.09"]
[Time "19:04:33"]
[TimeControl "180+0"]

1. d4 c5 2. d5 d6 3. e4 g6 4. Nc3 Bg7 5. Bb5+ Bd7 6. a4 Nf6 7. Nf3 a6 8.
Bxd7+ Nbxd7 9. O-O O-O 10. h3 Rb8 11. a5 b5 12. axb6 Qxb6 13. Qe2 Ra8 14.
Nd2 Rfb8 15. Nc4 Qc7 16. Bg5 h6 17. Bh4 Ne5 18. Nxe5 dxe5 19. Ra2 Rb6 20.
Rfa1 Qb7 21. b3 Nh5 22. Ra5 Nf4 23. Qd2 c4 24. bxc4 Rc8 25. c5 Rb4 26. c6
Qb6 27. Rxa6 Qc5 28. R6a5 Qd4 29. Qxd4 exd4 30. Ra8 Rbb8 31. Rxb8 Rxb8 32.
Bg3 dxc3 33. Bxf4 Rc8 34. Rb1 g5 35. c7 gxf4 36. Rb8 {Black resigns} 1-0

[Event "ICCopen2017"]
[Site "Internet Chess Club"]
[Date "2017.04.02"]
[Round "1"]
[White "Morad-Magdy"]
[Black "MeneerMandje"]
[Result "0-1"]
[ICCResult "White forfeits on time"]
[WhiteElo "2003"]
[BlackElo "1729"]
[Opening "Bogo-Indian defense, Grünfeld variation"]
[ECO "E11"]
[NIC "QI.01"]
[Time "19:03:42"]
[TimeControl "180+0"]

1. d4 Nf6 2. Nf3 e6 3. c4 Bb4+ 4. Nbd2 O-O 5. a3 Be7 6. g3 d5 7. Bg2 b6 8.
O-O Bb7 9. Ne5 Nbd7 10. Ndf3 dxc4 11. Nxc4 Rc8 12. Bf4 c5 13. Nd6 Ba8 14.
Nxc8 Qxc8 15. Rc1 Rd8 16. dxc5 Nxc5 17. Qc2 Be4 18. Qc4 Qa8 19. b4 Bd5 20.
Qb5 Nb3 21. Rc7 Bf8 22. Be5 Ne4 23. Nd4 Nxd4 24. Bxd4 Nd6 25. Qa6 Bxg2 26.
Rfc1 Qd5 27. Be3 Nf5 28. Qd3 Qa8 29. Qc3 Bh3 30. f3 Qd5 31. Bg5 Qd1+ 32. Qe1
Qxe1+ 33. Rxe1 Re8 34. Bf4 a5 35. g4 Nd4 36. Kf2 axb4 37. axb4 Bxb4 38. Rd1
Bc5 39. e3 Nb3 40. Kg3 g5 41. Be5 Bxe3 42. Kxh3 Bf4 43. Bxf4 gxf4 44. Rdd7
Rf8 45. Rb7 Nc5 46. Rbc7 Nxd7 47. Rxd7 Rb8 48. Rd3 b5 49. Rb3 b4 50. Kg2 e5
51. Kf2 f6 52. Ke2 Kf7 53. Kd3 Ke6 54. Kc4 Rc8+ 55. Kb5 e4 56. Kxb4 Ke5
{White forfeits on time}
0-1

[Event "ICCopen2017"]
[Site "Internet Chess Club"]
[Date "2017.04.02"]
[Round "1"]
[White "bhaiju"]
[Black "FightClub"]
[Result "0-1"]
[ICCResult "White resigns"]
[WhiteElo "1720"]
[BlackElo "2556"]
[Opening "King's Indian: 5.Nf3"]
[ECO "E90"]
[NIC "KI.20"]
[Time "19:05:40"]
[TimeControl "180+0"]

1. e4 g6 2. Nf3 Bg7 3. d4 d6 4. c4 Nf6 5. Nc3 O-O 6. h3 Nc6 7. Be3 Nd7 8.
Be2 a6 9. O-O Rb8 10. Rc1 e5 11. d5 Ne7 12. b4 f5 13. Ng5 Nf6 14. Ne6 Bxe6
15. dxe6 fxe4 16. Nd5 Nfxd5 17. cxd5 c6 18. dxc6 bxc6 19. Qc2 Rxb4 20. Bg5
Bf6 21. Bxf6 Rxf6 22. Bxa6 Rxe6 23. Bc4 d5 24. Bb3 Nf5 25. Qc5 Qb6 26. Qxb6
Rxb6 27. f3 exf3 28. Rxf3 e4 29. Rf4 Nd4 {White resigns} 0-1

[Event "ICCopen2017"]
[Site "Internet Chess Club"]
[Date "2017.04.02"]
[Round "1"]
[White "tonychess2014"]
[Black "charlestehace"]
[Result "0-1"]
[ICCResult "White resigns"]
[WhiteElo "1784"]
[BlackElo "2848"]
[Opening "Caro-Kann: Tartakower (fantasy) variation"]
[ECO "B12"]
[NIC "CK.02"]
[Time "19:04:17"]
[TimeControl "180+0"]

1. e4 c6 2. d4 d5 3. f3 Qb6 4. Nc3 dxe4 5. fxe4 e5 6. Nf3 Bg4 7. Bc4 Qc7 8.
O-O exd4 9. Qxd4 Bh5 10. Ne5 Nf6 11. Bxf7+ Bxf7 12. Nxf7 Qxf7 13. e5 Qd7 14.
Qc4 Nd5 15. Bg5 Qe6 16. Rad1 b5 17. Nxb5 cxb5 18. Qxb5+ Nd7 19. Rxd5 Qb6+
20. Qxb6 Nxb6 21. Rd3 Be7 22. Be3 Rc8 23. c3 Bc5 24. Bxc5 Rxc5 25. e6 Rc7
26. Rd6 Rf8 27. Rfd1 Ke7 28. b3 Rxc3 29. a4 Rc1 30. a5 Rxd1+ 31. Rxd1 Nc8
32. Rd7+ Kf6 33. e7 Re8 34. Rxa7 Nxa7 {White resigns} 0-1

[Event "ICCopen2017"]
[Site "Internet Chess Club"]
[Date "2017.04.02"]
[Round "1"]
[White "TennKid84"]
[Black "arsam"]
[Result "0-1"]
[ICCResult "White forfeits on time"]
[WhiteElo "1743"]
[BlackElo "2661"]
[Opening "Queen's pawn: Yusupov-Rubinstein system"]
[ECO "A46"]
[NIC "QP.06"]
[Time "19:04:01"]
[TimeControl "180+0"]

1. d4 Nf6 2. Nf3 e6 3. e3 b6 4. Bd3 Bb7 5. Nbd2 c5 6. O-O Be7 7. c3 O-O 8.
Qe2 d5 9. e4 dxe4 10. Nxe4 Nbd7 11. Bf4 Rc8 12. Rad1 cxd4 13. Nxf6+ Nxf6 14.
Nxd4 Qd5 15. Nf3 Qh5 16. Bg3 Rfd8 17. Ba6 Bxf3 18. Qxf3 Qxf3 19. gxf3 Rc5
20. Rxd8+ Bxd8 21. Rd1 Be7 22. Bh4 g5 23. Bg3 Ra5 24. Bc4 Rf5 25. Kg2 h5 26.
Bd6 Kf8 27. Bxe7+ Kxe7 28. Bb3 h4 29. Rd4 Nh5 30. Rc4 Nf4+ 31. Kf1 Kd6 32.
Rc8 a5 33. Ba4 Rc5 34. Rd8+ Ke7 35. Rd7+ Kf6 36. Rb7 Re5
{White forfeits on time}
0-1

[Event "ICCopen2017"]
[Site "Internet Chess Club"]
[Date "2017.04.02"]
[Round "1"]
[White "GYMEJR"]
[Black "Kusox"]
[Result "0-1"]
[ICCResult "White forfeits on time"]
[WhiteElo "1493"]
[BlackElo "2106"]
[Opening "Queen's pawn: London system"]
[ECO "A45"]
[NIC "QP.07"]
[Time "19:04:27"]
[TimeControl "180+0"]

1. d4 Nf6 2. Bf4 g6 3. e3 d5 4. c3 Bg7 5. Nf3 O-O 6. Nbd2 b6 7. Bd3 Bb7 8.
Qb1 Nbd7 9. h3 c5 10. O-O Ne8 11. Bh2 Ndf6 12. Ne5 Nd6 13. f4 Nfe4 14. Nxe4
dxe4 15. Be2 cxd4 16. exd4 Nf5 17. g4 Ne3 18. Nc4 Nxf1 19. Bxf1 Kh8 20. Ne3
f6 21. Qe1 e5 22. fxe5 fxe5 23. dxe5 Qe7 24. Qg3 Rae8 25. Bg2 Bxe5 26. Qe1
Bxh2+ 27. Kxh2 Qe5+ 28. Qg3 Qxg3+ 29. Kxg3 Rd8 30. Re1 Rd3 31. Re2 Rfd8 32.
g5 Rd2 33. Kf2 Rxe2+ 34. Kxe2 Ba6+ 35. c4 Rd4 36. b3 b5 {White forfeits on
time} 0-1

[Event "ICCopen2017"]
[Site "Internet Chess Club"]
[Date "2017.04.02"]
[Round "1"]
[White "Pashket"]
[Black "ALexiz"]
[Result "1-0"]
[ICCResult "Black forfeits on time"]
[WhiteElo "2640"]
[BlackElo "1741"]
[Opening "Sicilian: Prins (Moscow) variation"]
[ECO "B55"]
[NIC "SI.01"]
[Time "19:03:55"]
[TimeControl "180+0"]

1. e4 c5 2. Nf3 d6 3. d4 cxd4 4. Nxd4 Nf6 5. f3 e5 6. Nb3 Nc6 7. c4 Be6 8.
Nc3 Be7 9. Be3 O-O 10. Be2 a6 11. O-O Na5 12. Nd5 Nxb3 13. Qxb3 Bxd5 14.
cxd5 Qd7 15. Rac1 Rfc8 16. a4 Rxc1 17. Rxc1 Rc8 18. Rxc8+ Qxc8 19. Qc4 Qxc4
20. Bxc4 Nd7 21. a5 h6 22. b4 Bg5 23. Kf2 Bxe3+ 24. Kxe3 f6 25. b5 axb5 26.
Bxb5 Nc5 27. g3 Kf7 28. f4 Ke7 29. Bc4 Na4 30. Kf3 Nb2 31. Bb5 Nd1 32. Kg4
Nc3 33. Bd3 Kf7 34. h4 Nd1 35. Kf3 Nc3 36. Bc2 Na2 37. Ke3 Nb4 38. Ba4 Na6
39. Bd7 Nc5 40. Bc8 Nb3 41. Bxb7 Nxa5 42. Bc8 Nc4+ 43. Kd3 Nb2+ 44. Kd2 Na4
45. h5 exf4 46. gxf4 Nc5 47. Bf5 Ke7 48. Ke3 Nb3 49. Kd3 Nc5+ 50. Kc4 Na4
51. Bg6 Nb2+ 52. Kd4 Nd1 53. e5 fxe5+ 54. fxe5 Nf2 55. e6 Ng4 56. Bf7 Nf6
57. Kc4 Ne4 58. Bg6 Nf6 59. Bf7 Ne4 60. Kd3 Nf6 61. Kd4 Ng4 62. Bg6 Ne5 63.
Bf5 Nf3+ 64. Kc4 Nh4 65. Be4 Kd8 66. Kb5 Kc7 67. Ka6 Kd8 68. Kb7 Ke7 69. Kc7
g5 70. hxg6 Nxg6 71. Bxg6 h5 72. Bxh5 Kf8 73. Kxd6 Kg7 74. e7 Kh6 75. e8=Q
Kg5 76. Qg6+ {Black forfeits on time} 1-0

[Event "ICCopen2017"]
[Site "Internet Chess Club"]
[Date "2017.04.02"]
[Round "1"]
[White "samank"]
[Black "LiangLiang"]
[Result "0-1"]
[ICCResult "White forfeits on time"]
[WhiteElo "1227"]
[BlackElo "1843"]
[Opening "Sicilian: Smith-Morra gambit"]
[ECO "B21"]
[NIC "SI.48"]
[Time "19:04:09"]
[TimeControl "180+0"]

1. e4 c5 2. d4 cxd4 3. c3 dxc3 4. Nxc3 Nc6 5. Nf3 e6 6. Bc4 d6 7. O-O Nf6 8.
Bf4 Be7 9. e5 dxe5 10. Nxe5 Nxe5 11. Bxe5 O-O 12. Qf3 Qa5 13. Bxf6 Bxf6 14.
Rac1 Rb8 15. Rfe1 b5 16. Bb3 Bb7 17. Qe2 b4 18. Na4 Qg5 19. g3 Bd5
{White forfeits on time}
0-1

[Event "ICCopen2017"]
[Site "Internet Chess Club"]
[Date "2017.04.02"]
[Round "1"]
[White "JUGGERNOT"]
[Black "lestri"]
[Result "0-1"]
[ICCResult "White forfeits on time"]
[WhiteElo "1719"]
[BlackElo "2550"]
[Opening "Bird's opening"]
[ECO "A02"]
[NIC "VO.07"]
[Time "19:04:35"]
[TimeControl "180+0"]

1. f4 c5 2. Nf3 g6 3. e4 Bg7 4. Be2 Nc6 5. O-O e6 6. c3 d5 7. exd5 exd5 8.
d3 Nge7 9. Be3 d4 10. Bf2 O-O 11. c4 Nf5 12. Nbd2 Re8 13. Ne4 b6 14. a3 Ne3
15. Bxe3 dxe3 16. Rb1 f5 17. Neg5 h6 18. Nh3 Bb7 19. Kh1 Nd4 20. Nxd4 Qxd4
21. Ng1 Rad8 22. Qe1 Kh7 23. Qg3 Bf6 24. Nf3 Qd6 25. h4 Rg8 26. Ne5 Rde8 27.
Qxe3 Bxe5 28. fxe5 Rxe5 29. Qf2 Rge8 30. Bf3 Bxf3 31. Qxf3 Re3 32. Qb7+ R8e7
33. Qd5 Qxd5 34. cxd5 Rxd3 35. b4 Rxd5 36. bxc5 Rxc5 37. Rb2 Rc3 38. Ra1 Re4
39. Rb4 Kg7 40. Kh2 Kf6 41. g3 Ke5 42. Rxe4+ fxe4 43. a4 Rc2+ 44. Kh3 h5 45.
a5 b5 46. a6 e3 47. Rb1 e2 48. Rxb5+ Kd4 49. Rb1 Ke3 50. g4 Kf2
{White forfeits on time}
0-1

[Event "ICCopen2017"]
[Site "Internet Chess Club"]
[Date "2017.04.02"]
[Round "1"]
[White "SeventhWill"]
[Black "saisiva765"]
[Result "0-1"]
[ICCResult "White resigns"]
[WhiteElo "2423"]
[BlackElo "1707"]
[Opening "French: Steinitz variation"]
[ECO "C11"]
[NIC "FR.04"]
[Time "19:04:45"]
[TimeControl "180+0"]

1. e4 e6 2. d4 d5 3. Nc3 Nf6 4. e5 Ne4 5. Nce2 f6 6. f3 Ng5 7. Nf4 fxe5 8.
dxe5 Nf7 9. Bb5+ c6 10. Ba4 Nxe5 11. Qe2 Bd6 12. Bd2 O-O 13. Ngh3 Nc4 14.
O-O-O a5 15. Nxe6 Qf6 16. Bc3 Qxe6 17. Qd3 Qh6+ 18. Kb1 Na6 19. Bb3 Bf5 20.
Qf1 Ne3 21. Qf2 Nb4 22. Bxb4 Bxb4 23. Rd4 a4 24. Nf4 axb3 25. Qxe3 bxc2+ 26.
Ka1 Rfe8 27. Qf2 c5 28. Rxb4 cxb4 29. g3 Rxa2+ 30. Kxa2 Qa6+ 31. Kb3 Qc4+
{White resigns}
0-1

[Event "ICCopen2017"]
[Site "Internet Chess Club"]
[Date "2017.04.02"]
[Round "1"]
[White "Jojua"]
[Black "trianon"]
[Result "1/2-1/2"]
[ICCResult "Black ran out of time and White has no material to mate"]
[WhiteElo "1485"]
[BlackElo "2079"]
[Opening "Nimzo-Indian: classical variation"]
[ECO "E32"]
[NIC "NI.24"]
[Time "19:04:38"]
[TimeControl "180+0"]

1. c4 Nf6 2. Nc3 e6 3. d4 Bb4 4. Qc2 O-O 5. Nf3 c5 6. e3 cxd4 7. exd4 d5 8.
Bg5 Nbd7 9. Bd3 h6 10. Bxf6 Nxf6 11. O-O dxc4 12. Bxc4 Bxc3 13. bxc3 b6 14.
Rad1 Bb7 15. Ne5 Qc7 16. Be2 a6 17. Bf3 b5 18. Rfe1 Bxf3 19. Nxf3 Rfc8 20.
Rc1 a5 21. Ne5 Nd5 22. c4 bxc4 23. Qxc4 Qxc4 24. Rxc4 Rxc4 25. Nxc4 Rc8 26.
Ne3 Nxe3 27. fxe3 Rc2 28. Ra1 a4 29. a3 Re2 30. Kf1 Rxe3 31. Kf2 Rd3 32. Rb1
Rxd4 33. Rb8+ Kh7 34. Ke3 Rc4 35. Kd3 Rc1 36. Rb4 Rg1 37. g4 Rh1 38. Rxa4
Rxh2 39. Rb4 Rh3+ 40. Kc4 Rxa3 41. Kc5 Kg6 42. Kd6 h5 43. gxh5+ Kxh5 44. Rf4
Kg6 45. Rf1 Rd3+ 46. Ke5 Rd5+ 47. Ke4 Rf5 48. Rg1+ Kf6 49. Rd1 g5 50. Rd8 g4
51. Rg8 Rg5 52. Rh8 g3 53. Rh1 g2 54. Rg1 Kg6 55. Kf3 f5 56. Rxg2 Rxg2 57.
Kxg2 Kg5 58. Kf3 f4 59. Kg2
{Black ran out of time and White has no material to mate}
1/2-1/2

[Event "ICCopen2017"]
[Site "Internet Chess Club"]
[Date "2017.04.02"]
[Round "1"]
[White "cap78red"]
[Black "ComplexZeta"]
[Result "0-1"]
[ICCResult "White forfeits on time"]
[WhiteElo "1271"]
[BlackElo "1864"]
[Opening "English: Anglo-Dutch defense"]
[ECO "A10"]
[NIC "HD.14"]
[Time "19:04:19"]
[TimeControl "180+0"]

1. c4 f5 2. Nc3 e5 3. e4 d6 4. d3 Nf6 5. Nge2 Be7 6. g3 O-O 7. Bg2 Nc6 8.
O-O Be6 9. Nd5 Rc8 10. Nxe7+ Qxe7 11. Bg5 h6 12. Bxf6 Qxf6 13. exf5 Bxf5 14.
Nc3 Nd4 15. Ne4 Bxe4 16. dxe4 c6 17. Qg4 Rce8 18. Rad1 Re7 19. Rd2 g6 20. f4
h5 21. fxe5 Qxf1+ 22. Bxf1 hxg4 23. exd6 Rxe4 24. Bg2 Re1+ 25. Bf1 Rfxf1+
26. Kg2 Ne6 27. d7 Nd8 28. b3 Kf7 29. Rd6 Rf6 30. Rd2 Rfe6 31. Rf2+ Ke7 32.
h3 gxh3+ 33. Kxh3 Kxd7 34. Kg4 R6e4+ 35. Kg5 R1e2 36. Rf6 Re6 37. Rf3 R2e3
38. Rf4 Rxg3+ 39. Kh4 g5+ 40. Kxg3 gxf4+ 41. Kxf4 Re2 42. Kf3 Rxa2 43. Ke3
Rb2 44. Kd3 Rxb3+ 45. Kc2 Rh3 46. Kb2 Kd6 47. Ka2 Kc5 48. Kb2 Kxc4 49. Ka2
b5 50. Kb2 a5 51. Ka2 Kb4 52. Kb2 Rh2+ 53. Kc1 Kc3 54. Kd1 a4 55. Ke1 a3 56.
Kf1 a2 57. Kg1 Rb2 {White forfeits on time} 0-1

[Event "ICCopen2017"]
[Site "Internet Chess Club"]
[Date "2017.04.02"]
[Round "1"]
[White "ROWLAND"]
[Black "Bojack"]
[Result "0-1"]
[ICCResult "White forfeits on time"]
[WhiteElo "1509"]
[BlackElo "2127"]
[Opening "French: Tarrasch, closed variation, main line"]
[ECO "C06"]
[NIC "FR.17"]
[Time "19:04:49"]
[TimeControl "180+0"]

1. e4 e6 2. d4 d5 3. Nd2 Nf6 4. e5 Nfd7 5. Bd3 c5 6. c3 Nc6 7. Ne2 cxd4 8.
cxd4 f6 9. exf6 Nxf6 10. O-O Bd6 11. Nf3 Qc7 12. g3 O-O 13. Bf4 Ng4 14. Rc1
Bxf4 15. Nxf4 Rxf4 16. gxf4 Qxf4 17. Rc3 Bd7 18. Bb1 Rf8 19. Qd3 Qh6 20. Kg2
e5 21. dxe5 Rxf3 22. Qxh7+ Qxh7 23. Bxh7+ Kxh7 24. Rxf3 Ngxe5 25. Rf8 d4 26.
f4 Nc4 27. Kf3 Nd2+ 28. Ke2 Nxf1 29. Kxf1 d3 30. Ke1 Na5 31. Kd2 Bb5 32. b3
Ba6 33. Rf7 Nc6 34. f5 Kh6 35. f6 gxf6 36. Rxf6+ Kg5 37. Rf8 Ne5 38. Rg8+
Kf4 39. h4 Nf3+ 40. Kd1 Nxh4 41. Rd8 Nf3 42. b4 Bc4 43. a4 Bb3+ 44. Kc1 d2+
45. Rxd2 Nxd2 46. Kxd2 Bxa4 47. Kc3 Bb5 48. Kd4 b6 49. Kd5 Ke3 50. Kd6 a5
51. bxa5 bxa5 52. Kc5 Bd3 {White forfeits on time} 0-1

[Event "ICCopen2017"]
[Site "Internet Chess Club"]
[Date "2017.04.02"]
[Round "1"]
[White "yummy2"]
[Black "leonardoalmeida"]
[Result "1-0"]
[ICCResult "Black forfeits on time"]
[WhiteElo "2696"]
[BlackElo "1753"]
[Opening "Scandinavian (center counter) defense"]
[ECO "B01"]
[NIC "SD.01"]
[Time "19:04:33"]
[TimeControl "180+0"]

1. e4 d5 2. exd5 Qxd5 3. Nc3 Qa5 4. d4 c6 5. Bc4 Nf6 6. Bd2 Qb6 7. Nge2 Bg4
8. h3 Bh5 9. Bb3 e6 10. O-O Be7 11. Be3 Qc7 12. Qd2 Nbd7 13. Nf4 Bg6 14.
Rfe1 O-O 15. Nxg6 hxg6 16. Qd3 Rad8 17. Qe2 a6 18. Rad1 Nb6 19. a3 Nbd5 20.
Bd2 b5 21. Qf3 Rfe8 22. g3 Bd6 23. Kg2 b4 24. Nxd5 cxd5 25. axb4 Ne4 26. c3
Qb6 27. Ba4 Re7 28. Bc1 Rc7 29. h4 a5 30. bxa5 Qxa5 31. Bc2 Nf6 32. Bg5 Be7
33. Bxf6 Bxf6 34. h5 gxh5 35. Qxh5 g6 36. Bxg6 fxg6 37. Qxg6+ Bg7 38. Rxe6
Qa7 39. Re8+ Rxe8 40. Qxe8+ Bf8 41. Qe6+ Rf7 42. Qxd5 Qb8 43. Rd2 Qb7 44.
Qxb7 Rxb7 45. f4 Kf7 46. Kf3 Bh6 47. Ke4 Kf6 48. g4 Re7+ 49. Kf3 Kf7 50. d5
Bg7 51. g5 Rd7 52. f5 Bf8 53. Ke4 Re7+ 54. Kf4 Rd7 55. Kg4 Bd6 56. b4
{Black forfeits on time}
1-0

[Event "ICCopen2017"]
[Site "Internet Chess Club"]
[Date "2017.04.02"]
[Round "1"]
[White "Alright2015"]
[Black "Cu-Chulainn"]
[Result "1/2-1/2"]
[ICCResult "Game drawn by repetition"]
[WhiteElo "2270"]
[BlackElo "1608"]
[Opening "Réti v Dutch"]
[ECO "A04"]
[NIC "QP.11"]
[Time "19:04:05"]
[TimeControl "180+0"]

1. Nf3 f5 2. d4 e6 3. Nc3 Nf6 4. Bg5 d5 5. Ne5 Bd6 6. f3 O-O 7. Qd2 c6 8.
O-O-O Bb4 9. Nd3 Ba5 10. e3 Nbd7 11. h4 h6 12. g4 fxg4 13. Bxf6 Nxf6 14. Be2
gxf3 15. Bxf3 Ne4 16. Bxe4 dxe4 17. Nc5 b6 18. N5xe4 Qe7 19. Qg2 Bb7 20.
Rdg1 c5 21. Qg6 Bxc3 22. Nxc3 Bxh1 23. Rxh1 cxd4 24. exd4 Qf6 25. Rg1 Qxg6
26. Rxg6 Rf6 27. Rg4 Rd8 28. Ne4 Rf1+ 29. Kd2 Rxd4+ 30. Ke2 Rdd1 31. Nc3
Rde1+ 32. Kd2 Re5 33. a4 a6 34. Kd3 h5 35. Rb4 a5 36. Rxb6 Rf4 37. b3 Rxh4
38. Nb5 Rh3+ 39. Kd4 Rd5+ 40. Kc4 Rh4+ 41. Kc3 Rc5+ 42. Kb2 Rh2 43. Nc3 h4
44. Rxe6 h3 45. Re8+ Kf7 46. Re1 Rg2 47. Rf1+ Kg8 48. Rh1 h2 49. Nd1 Rcxc2+
50. Kb1 Rg1 51. Kxc2 Rxh1 52. Nf2 Rf1 53. b4 h1=Q 54. Nxh1 Rxh1 55. bxa5 Rh5
56. Kc3 Rxa5 57. Kb4 Rxa4+ 58. Kxa4 Kf7 59. Kb4 Kf6 60. Kc4 Kf5 61. Kd3 Kf4
62. Ke2 g5 63. Kf2 Kg4 64. Kg2 Kf4 65. Kf2 Kg4 66. Kg2 Kh4 67. Kh2 g4 68.
Kg2 g3 69. Kg1 Kg4 70. Kg2 Kf4 71. Kg1 Kf3 72. Kf1 Kg4 73. Kg1 Kh3 74. Kh1
Kg4 75. Kg1 Kh4 76. Kh1 Kg4 77. Kg1 {Game drawn by repetition} 1/2-1/2

[Event "ICCopen2017"]
[Site "Internet Chess Club"]
[Date "2017.04.02"]
[Round "1"]
[White "TeddyBear"]
[Black "Unico"]
[Result "0-1"]
[ICCResult "White forfeits on time"]
[WhiteElo "1644"]
[BlackElo "2409"]
[Opening "Nimzo-Indian: three knights variation"]
[ECO "E21"]
[NIC "NI.28"]
[Time "19:04:41"]
[TimeControl "180+0"]

1. d4 Nf6 2. c4 e6 3. Nc3 Bb4 4. Nf3 O-O 5. Bg5 c5 6. e3 Qa5 7. Bxf6 Bxc3+
8. bxc3 Qxc3+ 9. Nd2 gxf6 10. Rc1 Qa3 11. Rc2 f5 12. g4 f4 13. g5 fxe3 14.
fxe3 Qxe3+ 15. Qe2 Qxe2+ 16. Bxe2 cxd4 17. Nf3 Nc6 18. Bd3 e5 19. Be4 d6 20.
h4 Be6 21. h5 Rac8 22. Nh4 Nb4 23. Rch2 Rxc4 24. Nf5 d5 25. Bb1 Bxf5 26.
Bxf5 e4 27. g6 hxg6 28. hxg6 Nd3+ 29. Kd2 Ne5 30. Rh6 Nxg6
{White forfeits on time}
0-1

[Event "ICCopen2017"]
[Site "Internet Chess Club"]
[Date "2017.04.02"]
[Round "1"]
[White "Buscapina"]
[Black "anan"]
[Result "1-0"]
[ICCResult "Black forfeits on time"]
[WhiteElo "2260"]
[BlackElo "1571"]
[Opening "Sicilian: Smith-Morra gambit"]
[ECO "B21"]
[NIC "SI.48"]
[Time "19:04:16"]
[TimeControl "180+0"]

1. e4 c5 2. d4 cxd4 3. c3 d6 4. cxd4 a6 5. Nc3 e6 6. Nf3 b5 7. Bf4 Bb7 8.
Bd3 Nf6 9. Qe2 Be7 10. O-O Nbd7 11. Rac1 Rc8 12. a3 Nb6 13. e5 Nfd5 14. Nxd5
Nxd5 15. Bd2 h6 16. Rfd1 Rxc1 17. Bxc1 Nb6 18. b3 O-O 19. Bb1 Bxf3 20. Qxf3
Bg5 21. Bxg5 hxg5 22. exd6 Qxd6 23. Qh5 g6 24. Qxg5 Nd5 25. h4 Qf4 26. Qxf4
Nxf4 27. g3 Ne2+ 28. Kf1 Nc3 29. Rc1 Nxb1 30. Rxb1 Rc8 31. a4 b4 32. Ke2 a5
33. Kd2 Rc3 34. Rc1 Rxb3 35. Rc5 Rb2+ 36. Ke3 Rb3+ 37. Ke2 Rb2+ 38. Kf3 b3
39. Rxa5 Ra2 40. Ke3 b2 41. Rb5 Rxa4 42. Rxb2 Ra3+ 43. Ke4 Ra4 44. Rb8+ Kg7
45. Rb5 {Black forfeits on time} 1-0

[Event "ICCopen2017"]
[Site "Internet Chess Club"]
[Date "2017.04.02"]
[Round "1"]
[White "patterncircular"]
[Black "ElMarginal"]
[Result "1-0"]
[ICCResult "Black forfeits on time"]
[WhiteElo "2013"]
[BlackElo "1420"]
[Opening "Réti opening"]
[ECO "A05"]
[NIC "QP.11"]
[Time "19:05:08"]
[TimeControl "180+0"]

1. Nf3 Nf6 2. d3 d5 3. c3 Nc6 4. Bg5 h6 5. Bh4 Bf5 6. Nbd2 Qd7 7. e3 g5 8.
Bg3 Bg6 9. d4 Nh5 10. Be2 Nxg3 11. hxg3 O-O-O 12. Nxg5 Kb8 13. Nh3 e5 14.
O-O f5 15. f4 Be7 16. fxe5 Bg5 17. Nf4 Qg7 18. Bf3 Ne7 19. Qe1 Bxf4 20. exf4
h5 21. Qf2 Bf7 22. Rfe1 Be6 23. Nf1 Ng6 24. Re3 h4 25. Be2 Rdg8 26. b3 Ne7
27. c4 hxg3 28. Rxg3 Qf7 29. Rxg8+ Qxg8 30. g3 Qh7 31. Qg2 Ng6 32. Bf3 Rg8
33. cxd5 Nh4 34. Qh1 {Black forfeits on time} 1-0

[Event "ICCopen2017"]
[Site "Internet Chess Club"]
[Date "2017.04.02"]
[Round "1"]
[White "hangin"]
[Black "vishweshk"]
[Result "0-1"]
[ICCResult "White forfeits on time"]
[WhiteElo "1243"]
[BlackElo "1862"]
[Opening "QGD: Orthodox defense, Bd3 line"]
[ECO "D66"]
[NIC "QO.17"]
[Time "19:05:31"]
[TimeControl "180+0"]

1. d4 e6 2. c4 Nf6 3. Nc3 Be7 4. Nf3 d5 5. Bg5 O-O 6. e3 c6 7. Bd3 Nbd7 8.
Rc1 a6 9. O-O dxc4 10. Bxc4 b5 11. Bb3 Bb7 12. Re1 c5 13. dxc5 Nxc5 14. Bc2
h6 15. Bh4 Nd5 16. Bxe7 Qxe7 17. Nxd5 Bxd5 18. Bb1 Rfd8 19. Qe2 Bc4 20. Qc2
Nd3 21. h3 g6 22. b3 Nxe1 23. Rxe1 Bd3 24. Qb2 Bxb1 25. Rxb1 Rac8 26. Qe5
Qd6 27. Qf6 Qd3 28. Rf1 Qf5 29. Qh4 h5 30. Qe7 Kg7 31. Nd4 Qf6 32. Qb7 Rxd4
{White forfeits on time}
0-1

[Event "ICCopen2017"]
[Site "Internet Chess Club"]
[Date "2017.04.02"]
[Round "1"]
[White "splashlee2010"]
[Black "shally"]
[Result "0-1"]
[ICCResult "White forfeits on time"]
[WhiteElo "1231"]
[BlackElo "1861"]
[Opening "Sicilian: Anderssen variation"]
[ECO "B41"]
[NIC "SI.41"]
[Time "19:05:07"]
[TimeControl "180+0"]

1. e4 c5 2. Nf3 e6 3. d4 cxd4 4. Nxd4 Nf6 5. Bd3 d5 6. e5 Nfd7 7. f4 Nc6 8.
Be3 Be7 9. O-O O-O 10. c3 Nc5 11. Bc2 f5 12. exf6 gxf6 13. Qg4+ Kh8 14. Qh5
f5 15. Rf3 Bf6 16. Rh3 Qe7 17. Nxc6 bxc6 18. Nd2 Ne4 19. Nb3 Rg8 20. Kf1
Ba6+ 21. Ke1 Rab8 22. g3 Rg7 23. Nd4 Qd7 24. Ba4 Bb7 25. b4 Qd6 26. a3 c5
27. Nb3 d4 28. cxd4 cxd4 29. Rd1 d3 30. Nc5 Bc6 31. Bxc6 Qxc6 32. Rxd3 Nxc5
33. Bxc5 Qh1+ 34. Kf2 a5 35. Qh6 Ba1 36. Qxe6 Qb1 37. Bd4 Qxd3 38. Bxg7+
Bxg7 39. Qe7 Bd4+ 40. Ke1 Qe4+ 41. Qxe4 fxe4 42. Kd2 axb4 43. axb4 Rxb4 44.
Rh5 Rb2+ 45. Kc1 Rg2 46. f5 e3 47. f6 Bxf6 {White forfeits on time} 0-1

[Event "ICCopen2017"]
[Site "Internet Chess Club"]
[Date "2017.04.02"]
[Round "1"]
[White "Fighterman"]
[Black "J575"]
[Result "1/2-1/2"]
[ICCResult "Game drawn by repetition"]
[WhiteElo "2429"]
[BlackElo "1677"]
[Opening "Caro-Kann: advance variation"]
[ECO "B12"]
[NIC "CK.04"]
[Time "19:05:53"]
[TimeControl "180+0"]

1. e4 c6 2. d4 d5 3. e5 Bf5 4. Nf3 e6 5. Be2 Nd7 6. O-O h6 7. Nbd2 Ne7 8.
Nb3 Bh7 9. Bd2 Nf5 10. a4 Be7 11. a5 Nh4 12. Nxh4 Bxh4 13. a6 b6 14. Bb4 Be7
15. Bxe7 Qxe7 16. c4 dxc4 17. Bxc4 O-O 18. Bd3 Bxd3 19. Qxd3 Rad8 20. Qe4
Qb4 21. Qe3 c5 22. dxc5 Nxc5 23. Nxc5 bxc5 24. Rac1 Rd5 25. Rc2 Rfd8 26. f4
g6 27. h3 h5 28. Rfc1 Rd1+ 29. Rxd1 Rxd1+ 30. Kh2 Rd5 31. h4 Qb5 32. Rc3 Kf8
33. f5 exf5 34. e6 fxe6 35. Qh6+ Kf7 36. Qh7+ Kf6 37. Qh8+ Kf7 38. Qh7+ Kf6
39. Qh8+ Kf7 40. Qh7+ Kf6 {Game drawn by repetition} 1/2-1/2